 Dungeon Crawl Stone Soup version 0.28-a0-1415-g7c84da036a (webtiles) character file.

Game seed: 15194669766098180174

61 shoop the Magician (level 4, -3/31 HPs)
             Began as a Djinni Hedge Wizard on Jan 7, 2022.
             Slain by an adder (4 damage)
             ... on level 5 of the Dungeon.
             The game lasted 00:04:09 (3202 turns).

shoop the Magician (Djinni Hedge Wizard)            Turns: 3202, Time: 00:04:09

Health: -3/31      AC:  2    Str:  9    XL:     4   Next: 27%
Gold:   84         EV: 12    Int: 17    God:
                   SH:  0    Dex: 13

rFire   + . .      SeeInvis .   m - +0 whip (elec)
rCold   . . .      Faith    .   (no shield)
rNeg    . . .      Spirit   .   b - +0 robe
rPois   ∞          Reflect  .   c - +0 hat
rElec   .          Harm     .   (no cloak)
rCorr   .          Rampage  .   (no gloves)
Will    .....                   (boots unavailable)
Stlth   ++........              (no amulet)
HPRegen 0.10/turn               n - ring of ice
MPRegen 0.00/turn               (no ring)

@: weak-willed, flying
A: sickness immunity, fire resistance 2, cold vulnerability 1, float, innate
caster, hp casting, extra vitality 1
a: no special abilities


You were on level 5 of the Dungeon.
You visited 1 branch of the dungeon, and saw 5 of its levels.

You collected 84 gold pieces.

Inventory:

Hand Weapons
 a - a +0 dagger
 d - a +0 spear
 f - a +0 trident
 m - a +0 whip of electrocution (weapon)
Armour
 b - a +0 robe (worn)
 c - a +0 hat (worn)
Jewellery
 k - an amulet of faith
 n - a ring of ice (left hand)
Scrolls
 g - a scroll of blinking {unknown}
 h - a scroll of identify {unknown}
 l - a scroll of enchant weapon {unknown}
Potions
 i - a potion of might {unknown}
 j - a potion of resistance {unknown}


   Skills:
 + Level 0.4 Fighting
 + Level 0.3 Maces & Flails
 - Level 2.1 Dodging
 - Level 1.5 Stealth
 * Level 3.6 Spellcasting


You couldn't memorise any spells.
You knew the following spells:

 Your Spells              Type           Power      Damage    Failure   Level
a - Magic Dart            Conj           60%        1d6       3%          1
b - Blink                 Tloc           30%        N/A       5%          2
c - Call Imp              Summ           15%        N/A       5%          2
d - Slow                  Hex            60%        N/A       3%          1
e - Conjure Flame         Conj/Fire      15%        6-21      11%         3
f - Mephitic Cloud        Conj/Pois/Air  15%        N/A       11%         3
g - Summon Small Mammal   Summ           60%        N/A       3%          1
Your spell library was empty.

Dungeon Overview and Level Annotations

Branches:
Dungeon (6/15)
 Temple: D:4-7

Altars:
Nemelex Xobeh

Shops:
D:1 =**


Innate Abilities, Weirdness & Mutations

You are immune to sickness and miasma.
You are immune to poison.
Your flesh is very heat resistant. (rF++)
You are vulnerable to cold. (rC-)
You float through the air rather than walking.
You learn spells naturally, not from books.
Your magical power is your life essence.
You have superior vitality. (+4 MHP)


Message History

The adder hisses angrily.
The ice beast barely misses you.
Casting: Magic Dart (safe; 3% risk of failure)
Confirm with . or Enter, or press ? or * to list all spells.
You miscast Call Imp.
You are very lightly contaminated with residual magic.
Nothing appears to happen.
The ice beast misses you.
Casting: Call Imp (safe; 5% risk of failure)
Confirm with . or Enter, or press ? or * to list all spells.
Okay, then.
Casting: Call Imp (safe; 5% risk of failure)
Confirm with . or Enter, or press ? or * to list all spells.
The spell is quite dangerous to miscast (11% risk of failure)!
Continue anyway?
Aiming: Mephitic Cloud (quite dangerous; 11% risk of failure)
Press: ? - help, Shift-Dir - straight line, f - ice beast
Aim: an ice beast (not susceptible)
The ball explodes into a vile cloud!
The stinking cloud engulfs the ice beast but does no damage.
The stinking cloud engulfs the adder but does no damage.
The stinking cloud engulfs you but does no damage.
The ice beast hits you. The ice beast freezes you.
Unknown command.
You hit the ice beast.
The ice beast is lightly wounded.
The ice beast barely misses you.
The adder is engulfed in noxious fumes.
The ice beast hits you but does no damage.
The adder bites you but does no damage. The ice beast barely misses you.
The adder closely misses you.
Your magical contamination has completely faded away.
You reach down and open the door.
The ice beast hits you. The ice beast freezes you!
* * * LOW HITPOINT WARNING * * *
The adder closely misses you.
Unknown command.
There is an open door here.
As you read the scroll labelled QUTICRY YLOCU, it crumbles to dust.
Magic quickly surges around you.
It was a scroll of vulnerability.
The adder bites you.
You die...

#. #..# ###.. +....
#.... # #..# #########
...###..###.#.....#
........S...#.....#
.......@#.........# .
........#.#.#.#...#
...########+##.........#
...............#.#.#.###
.......>.............#
...............#.#.#.#
.........[..$........#
......#####+##.....###
...... #.....#


You could see an adder (weak-willed).

Vanquished Creatures
  2 adders (D:2)
  A worm (D:2)
  3 ball pythons
  3 bats (D:1)
  5 endoplasms
  2 giant cockroaches (D:2)
  5 hobgoblins (D:1)
  3 kobolds (D:2)
  3 quokkas
  A frilled lizard (D:2)
  7 goblins
35 creatures vanquished.

Notes
Turn   | Place    | Note
-------+----------+-------------------------------------------
     0 | D:1      | shoop the Djinni Hedge Wizard began the quest for the Orb.
     0 | D:1      | Reached XP level 1. HP: 15/15 MP: 0/0
    25 | D:1      | Found Koiruff's Jewellery Emporium.
   605 | D:1      | Found Wuce's General Store.
   626 | D:1      | Reached XP level 2. HP: 14/21 MP: 0/0
   921 | D:1      | Found Zuriraulud's General Store.
   939 | D:1      | Reached skill level 3 in Spellcasting
  1313 | D:1      | Reached XP level 3. HP: 20/25 MP: 0/0
  1313 | D:1      | Learned a level 1 spell: Summon Small Mammal
  1646 | D:2      | Found a sparkling altar of Nemelex Xobeh.
  1975 | D:2      | Found a faded altar of an unknown god.
  2492 | D:2      | Reached XP level 4. HP: 12/31 MP: 0/0
  3137 | D:3      | You are sucked into a shaft and drop 3 floors!
  3160 | D:6      | Noticed an ice beast
  3180 | D:5      | Entered Level 5 of the Dungeon
  3199 | D:5      | HP: 1/31 [ice beast (12)]
  3202 | D:5      | Slain by an adder

Illustrated notes

Levels and vault maps discovered:
D:1:      lightli_iron_boxes, layout_loops_corners, serial_shops, shop, shop,
          nicolae_diamond_shop
D:2:      layout_basic, basic_altar, ebering_ecumenical_altar_webs
D:3:      layout_loops_ring, uniq_ijyb
D:5:      layout_gridville, serial_glass, glass_columns_b, glass_columns_b,
          minmay_misc_feat_cross, nicolae_wormholes
D:6:      layout_basic, minmay_temple_entry_mist, kennysheep_diamond,
          uniq_pikel, uniq_duvessa

Skill      XL: |  1  2 |
---------------+-------+-----
Spellcasting   | 3 |  3.6
Fighting       | |  0.4
Maces & Flails | |  0.3
Dodging        | |  2.1
Stealth        | |  1.5

Action                   |  1- 3 |  4- 6 || total
-------------------------+-------+-------++-------
Melee: Spear             |     5 |       ||     5
       Trident           |     1 |       ||     1
       Whip              |     3 |     1 ||     4
 Cast: Magic Dart        |    80 |    15 ||    95
       Mephitic Cloud    |     1 |     1 ||     2
  Use: Scroll            |       |     1 ||     1
Armor: Robe              |     4 |     3 ||     7
Dodge: Dodged            |    13 |     9 ||    22

Table legend: (Time is in decaauts)
 A = Elapsed time spent in this place.
 B = Non-inter-level travel time spent in this place.
 C = Inter-level travel time spent in this place.
 D = Time resting spent in this place.
 E = Time spent auto-exploring this place.
 F = Levels seen in this place.
 G = Mean time per level.
                   A        B        C        D        E       F      G
               +--------+--------+--------+--------+--------+-----+--------+
         Total |   3200 |   3127 |     73 |     99 |   2734 |   5 |  640.0 |
       Dungeon |   3200 |   3127 |     73 |     99 |   2734 |   5 |  640.0 |
               +--------+--------+--------+--------+--------+-----+--------+

Top non-repeatable levels by time:
     D:1: 1645 daAuts
     D:2: 1490 daAuts
     D:6: 42 daAuts
     D:5: 21 daAuts
